Map: Eastwatch LE

Players

Classic

  • Race: Protoss Protoss
  • Spawn Location: 7:00

Serral - Winner!

  • Race: Zerg Zerg
  • Spawn Location: 1:00

Event: WESG 2017 Haikou

VOD

Have the link to the VOD?

Description

Time

  • Played on: March 17, 2018, 6:56 a.m.
  • Length: 34:39

All games in this series

Show
View Real Time Build Order
Export as new Build Order

Classic Protoss 

Build Orders: 1 Gate Expand, Oracle Opening, Phoenix Opening, Archon Immortal, Carriers, Zealot Archon, Archon Drop 

Get SALT Encoding   

  12  0:00  Probe  
  13  0:12  Probe  
  14  0:18  Pylon  
  14  0:24  Probe  
  15  0:36  Probe (Chrono Boost)  
  15  0:39  Gateway  
  16  0:46  Probe (Chrono Boost), Assimilator  
  17  0:51  Probe (Chrono Boost)  
  18  1:03  Probe  
  19  1:15  Probe  
  20  1:25  Nexus  
  20  1:28  Probe  
  21  1:37  Cybernetics Core  
  21  1:41  Probe  
  21  1:45  Assimilator  
  22  1:52  Pylon  
  22  1:55  Probe  
  23  2:10  Probe  
  23  2:12  Adept (Chrono Boost)  
  26  2:17  Stargate  
  26  2:22  Probe  
  27  2:25  Warp Gate  
  27  2:30  Adept  
  27  2:35  Probe (Chrono Boost)  
  27  2:37  Probe (Chrono Boost)  
  32  2:46  Probe (Chrono Boost)  
  32  2:47  Probe (Chrono Boost)  
  32  2:50  Probe (Chrono Boost)  
  33  2:52  Probe (Chrono Boost)  
  35  3:00  Phoenix (Chrono Boost)  
  35  3:04  Probe x2  
  39  3:07  Pylon  
  39  3:14  Adept  
  39  3:16  Probe  
  42  3:20  Oracle (Chrono Boost)  
  42  3:23  Probe  
  44  3:28  Probe  
  44  3:30  Assimilator  
  44  3:33  Assimilator  
  45  3:35  Probe, Gateway  
  45  3:40  Probe  
  47  3:48  Probe  
  50  3:50  Robotics Facility  
  50  3:54  Probe  
  49  3:59  Pylon  
  49  4:00  Probe  
  49  4:01  Twilight Council  
  50  4:06  Probe  
  51  4:10  Gateway  
  51  4:12  Probe  
  51  4:14  Gateway  
  52  4:22  Pylon  
  52  4:27  Probe x2  
  54  4:35  Warp Prism (Chrono Boost)  
  54  4:37  Zealot x2  
  60  4:40  Templar Archives  
  60  4:47  Charge  
  60  4:57  Nexus  
  60  5:00  Pylon  
  60  5:11  Probe x2  
  62  5:16  Forge  
  62  5:20  Pylon  
  62  5:24  Probe x2  
  62  5:27  High Templar  
  62  5:28  High Templar x3  
  72  5:30  Gateway  
  72  5:31  Archon  
  72  5:32  Archon  
  72  5:35  Gateway  
  72  5:37  Observer  
  72  5:40  Pylon  
  72  5:42  Probe x2  
  75  5:55  Immortal (Chrono Boost)  
  75  5:56  Protoss Ground Weapons Level 1 (Chrono Boost)  
  75  5:59  Probe x2  
  81  6:10  Assimilator  
  81  6:11  Probe x2  
  83  6:12  Assimilator  
  83  6:15  Gateway  
  83  6:16  Probe  
  83  6:17  Gateway  
  83  6:18  Immortal (Chrono Boost)  
  84  6:23  Probe x2  
  86  6:28  Probe  
  91  6:36  Probe x2  
  93  6:41  Probe  
  93  6:42  High Templar x2  
  93  6:45  Pylon  
  98  6:49  Psionic Storm, Probe x2  
  98  6:53  Probe  
  105  6:54  Immortal (Chrono Boost), Pylon  
  105  6:57  Pylon  
  105  6:58  Pylon  
  105  7:02  Probe x2  
  105  7:05  Probe  
  108  7:17  Immortal (Chrono Boost)  
  108  7:18  Photon Cannon  
  108  7:21  Pylon  
  112  7:23  High Templar x2  
  112  7:28  Zealot x2  
  112  7:29  Zealot x3  
  126  7:33  Photon Cannon  
  126  7:41  Photon Cannon  
  126  7:49  Immortal (Chrono Boost)  
  130  7:53  High Templar x2  
  130  7:55  Pylon  
  134  7:59  Photon Cannon  
  134  8:02  Photon Cannon  
  134  8:03  Photon Cannon  
  134  8:04  Pylon  
  134  8:06  Shield Battery  
  138  8:20  Immortal (Chrono Boost), Pylon  
  138  8:23  Photon Cannon  
  138  8:27  Nexus  
  138  8:29  Pylon  
  138  8:39  Zealot, High Templar x4  
  138  8:40  Zealot x3  
  154  8:43  Archon  
  154  8:44  Photon Cannon, Archon  
  153  8:56  Protoss Ground Weapons Level 2 (Chrono Boost)  
  153  9:00  Gateway  
  153  9:02  Gateway  
  149  9:03  Probe x3  
  149  9:05  Shield Battery  
  149  9:08  Assimilator  
  150  9:13  Assimilator  
  150  9:15  Probe x3  
  153  9:21  Immortal  
  157  9:26  Stalker x2, Phoenix (Chrono Boost)  
  157  9:27  Probe  
  157  9:31  Stalker  
  162  9:43  Phoenix (Chrono Boost)  
  162  10:00  Pylon  
  162  10:05  Phoenix (Chrono Boost)  
  164  10:15  Probe  
  164  10:16  Probe x3  
  164  10:17  Photon Cannon  
  164  10:18  Pylon  
  168  10:24  Archon  
  168  10:27  Zealot x7  
  158  10:36  Pylon, Phoenix (Chrono Boost)  
  158  10:41  Probe x4  
  154  10:47  Pylon  
  154  10:53  Probe  
  155  11:02  Pylon  
  153  11:10  Immortal (Chrono Boost), Pylon  
  153  11:15  Robotics Facility  
  153  11:18  Stargate, Protoss Ground Weapons Level 3  
  157  11:22  Probe x4  
  157  11:25  Stargate  
  161  11:26  Photon Cannon  
  161  11:27  Fleet Beacon  
  161  11:29  Pylon  
  161  11:36  High Templar  
  161  11:37  Zealot x6, High Templar  
  161  11:38  Zealot  
  161  11:39  Observer (Chrono Boost)  
  178  11:51  Photon Cannon  
  178  11:52  Protoss Air Weapons Level 1 (Chrono Boost)  
  178  11:54  Photon Cannon  
  176  11:58  Zealot x6  
  176  11:59  Zealot x2  
  192  12:04  Warp Prism  
  192  12:10  High Templar x2  
  184  12:19  High Templar x2  
  184  12:20  Photon Cannon  
  182  12:23  Archon  
  182  12:24  Carrier x2 (Chrono Boost)  
  182  12:28  Observer  
  182  12:29  Carrier (Chrono Boost)  
  197  12:43  Photon Cannon  
  181  12:57  Mothership, Graviton Catapult  
  184  13:20  Nexus  
  184  13:21  Zealot x8  
  184  13:22  Pylon  
  196  13:42  Cybernetics Core  
  192  14:01  Zealot  
  192  14:02  Zealot x3  
  192  14:17  Warp Prism (Chrono Boost)  
  192  14:19  Carrier (Chrono Boost)  
  192  14:22  Nexus  
  196  14:24  Pylon  
  196  14:27  Stargate  
  196  14:30  Photon Cannon, Stargate  
  195  14:31  Photon Cannon  
  195  14:33  Photon Cannon  
  195  14:35  Photon Cannon  
  194  14:41  Carrier (Chrono Boost)  
  182  14:47  Protoss Air Weapons Level 2 (Chrono Boost)  
  182  14:48  Protoss Air Armor Level 1 (Chrono Boost)  
  182  14:52  Carrier (Chrono Boost)  
  182  15:02  Assimilator  
  182  15:05  Assimilator  
  182  15:11  High Templar  
  182  15:12  High Templar  
  186  15:16  High Templar x3  
  186  15:18  High Templar  
  194  15:24  Archon x2  
  194  15:26  Archon  
  194  15:36  Warp Prism  
  194  15:37  Warp Prism  
  194  15:40  Robotics Bay  
  194  15:57  Pylon  
  190  16:00  Photon Cannon x3  
  190  16:04  High Templar x2  
  190  16:05  High Templar x2  
  190  16:09  Archon  
  190  16:10  Archon  
  198  16:14  Pylon  
  198  16:39  Pylon  
  198  16:42  Observer  
  198  16:58  Photon Cannon  
  194  17:16  Zealot x3  
  200  17:36  Zealot x2  
  199  17:42  Carrier (Chrono Boost)  
  199  17:44  Gravitic Drive (Chrono Boost)  
  196  17:53  Carrier (Chrono Boost)  
  196  17:54  Carrier (Chrono Boost)  
  197  17:58  Observer x2  
  197  18:03  Nexus, Pylon  
  194  18:26  Carrier (Chrono Boost)  
  194  18:31  Protoss Air Weapons Level 3  
  194  18:33  Cybernetics Core  
  194  18:34  Observer Gravitic Boosters  
  200  18:38  Photon Cannon  
  199  19:01  Carrier (Chrono Boost)  
  199  19:17  Nexus  
  199  19:35  Pylon  
  199  19:36  Pylon  
  199  19:38  Nexus, Pylon  
  199  19:40  Pylon  
  198  19:57  Zealot x5  
  196  20:22  Zealot x5  
  196  20:24  Warp Prism (Chrono Boost)  
  190  20:37  High Templar x3  
  190  20:38  High Templar  
  196  21:05  Zealot x2  
  191  21:21  Photon Cannon  
  191  21:23  Photon Cannon  
  191  21:25  Photon Cannon  
  190  21:26  Photon Cannon  
  190  21:29  Pylon  
  190  21:42  Nexus  
  190  21:46  Protoss Air Armor Level 2 (Chrono Boost)  
  190  21:47  Protoss Shields Level 1 (Chrono Boost)  
  190  22:05  Zealot x3  
  190  22:06  Zealot x2  
  200  22:12  Archon  
  198  22:18  Zealot  
  199  23:02  Dark Shrine  
  199  23:17  Zealot  
  198  23:37  Pylon  
  198  23:42  Pylon  
  198  23:44  Pylon  
  183  24:11  Protoss Shields Level 2 (Chrono Boost)  
  183  24:13  High Templar x3  
  183  24:14  Blink (Chrono Boost)  
  183  24:15  High Templar x3  
  195  24:21  Archon  
  195  24:22  Archon  
  195  24:26  Zealot x2  
  199  24:45  Protoss Air Armor Level 3  
  195  24:51  Nexus  
  195  24:56  Pylon  
  193  25:02  Shield Battery x2  
  193  25:05  Photon Cannon x2  
  193  25:09  Nexus  
  183  25:17  Dark Templar x2  
  187  25:32  Observer (Chrono Boost)  
  180  25:45  Photon Cannon  
  172  25:50  Warp Prism (Chrono Boost)  
  172  25:52  High Templar x4  
  172  25:56  Archon, High Templar x2  
  186  26:01  Archon  
  182  26:07  High Templar x2  
  186  26:18  Assimilator  
  186  26:19  Assimilator  
  186  26:25  Dark Templar x2  
  183  26:48  Pylon  
  175  27:08  Dark Templar x2  
  179  27:32  Nexus  
  174  27:42  Zealot x2  
  170  27:53  Nexus  
  164  28:12  High Templar x5  
  164  28:13  High Templar x3  
  164  28:18  Archon x4  
  172  28:21  Dark Templar  
  174  28:28  Archon  
  94  29:26  High Templar x3  
  100  29:37  High Templar x2  
  100  29:47  Zealot  
  100  29:48  Zealot x3  
  102  30:15  Zealot x3  
  108  30:29  High Templar  
  108  30:30  High Templar  
  108  30:31  Zealot  
  108  30:32  Zealot x3  
  108  30:33  Archon  
  118  31:05  Stalker x5  
  122  31:37  Zealot x4, Dark Templar  
  120  32:15  Zealot x2  
  124  32:23  Stalker x2  
  124  32:26  Stalker  
  122  32:58  High Templar  
  118  32:59  High Templar  
  118  33:04  Archon  
  114  33:37  Nexus  
  90  33:57  High Templar  
  90  33:58  High Templar  
  90  34:02  Archon  
Show
View Real Time Build Order
Export as new Build Order

Serral Zerg - Winner!

Build Orders: Hatch First, Brood Lord Corruptor, Lurkers, Roach Hydra 

Get SALT Encoding   

  12  0:00  Drone  
  13  0:12  Overlord  
  13  0:17  Drone  
  14  0:31  Drone x2  
  14  0:34  Drone  
  17  0:51  Hatchery  
  17  0:54  Drone  
  17  0:57  Drone  
  18  1:08  Extractor  
  17  1:12  Spawning Pool  
  17  1:15  Drone  
  17  1:19  Drone  
  18  1:28  Drone  
  19  1:39  Overlord  
  19  1:50  Drone  
  20  1:59  Queen  
  20  2:00  Drone  
  23  2:02  Queen  
  23  2:03  Zergling x2  
  23  2:08  Metabolic Boost  
  26  2:11  Drone  
  26  2:14  Drone  
  28  2:22  Drone  
  29  2:24  Drone  
  30  2:32  Drone  
  30  2:35  Drone  
  32  2:39  Hatchery  
  31  2:46  Queen  
  31  2:51  Overlord  
  33  2:53  Drone  
  33  2:57  Zergling x2  
  35  3:06  Zergling x2  
  36  3:13  Zergling x2  
  36  3:15  Drone x2  
  36  3:16  Drone x2  
  40  3:21  Spore Crawler x2  
  40  3:25  Drone  
  40  3:26  Drone  
  39  3:27  Queen  
  39  3:32  Overlord  
  43  3:38  Overlord  
  43  3:39  Drone  
  44  3:43  Overlord  
  44  3:48  Overlord  
  44  3:51  Drone x4  
  44  3:53  Spore Crawler  
  44  3:55  Spore Crawler  
  46  3:58  Drone x2  
  46  3:59  Drone  
  49  4:03  Drone  
  49  4:08  Drone x2  
  51  4:13  Spore Crawler  
  51  4:15  Queen  
  51  4:16  Drone  
  53  4:18  Drone  
  53  4:21  Overlord  
  54  4:27  Lair  
  54  4:31  Roach Warren  
  54  4:34  Drone  
  54  4:35  Drone  
  54  4:36  Drone  
  54  4:39  Drone  
  54  4:40  Drone  
  54  4:44  Drone  
  54  4:45  Extractor x2, Drone  
  56  4:46  Drone  
  57  4:53  Drone  
  57  4:54  Drone  
  57  4:56  Drone x3  
  57  4:57  Drone  
  57  4:59  Overlord  
  67  5:14  Roach x7  
  67  5:17  Overlord  
  67  5:18  Drone  
  78  5:26  Roach x2, Overlord  
  82  5:35  Evolution Chamber  
  82  5:36  Extractor, Roach x2  
  82  5:37  Roach x2  
  90  5:42  Roach  
  90  5:44  Drone x3  
  90  5:47  Overlord  
  93  5:50  Overlord  
  90  5:58  Drone x6  
  90  6:03  Zerg Missile Weapons Level 1  
  96  6:04  Glial Reconstitution  
  96  6:06  Roach x2  
  96  6:08  Zergling x2  
  96  6:09  Zergling x2  
  96  6:11  Drone  
  103  6:17  Zergling x8  
  107  6:18  Overlord  
  107  6:19  Drone  
  107  6:22  Overseer  
  107  6:24  Overlord  
  108  6:28  Extractor  
  106  6:40  Hatchery  
  106  6:44  Overlord  
  106  6:46  Drone x11  
  116  6:52  Extractor  
  116  6:54  Overlord  
  115  6:55  Hydralisk Den  
  114  7:04  Overlord  
  114  7:06  Overlord  
  114  7:18  Overlord  
  114  7:24  Spire  
  114  7:26  Drone x3  
  114  7:27  Drone x5  
  114  7:28  Drone x4  
  114  7:29  Grooved Spines  
  125  7:34  Hydralisk x2  
  125  7:35  Hydralisk x2  
  132  7:40  Hydralisk x2  
  132  7:43  Extractor  
  132  7:44  Hydralisk  
  135  7:50  Hydralisk x4  
  142  7:58  Overlord x2  
  142  7:59  Zerg Missile Weapons Level 2  
  142  8:12  Overlord  
  141  8:35  Mutalisk x11  
  141  8:40  Hatchery  
  162  8:41  Muscular Augments  
  162  8:42  Zergling x10  
  162  8:43  Zergling x2  
  168  8:51  Hydralisk x2, Roach x3  
  170  9:02  Infestation Pit  
  170  9:05  Hydralisk x4  
  173  9:14  Hydralisk x2  
  173  9:15  Roach x3  
  183  9:20  Overlord x2  
  183  9:26  Hydralisk  
  183  9:27  Lurker Den, Zergling x16  
  192  9:34  Spine Crawler, Drone x2  
  192  9:35  Spine Crawler  
  192  9:48  Hydralisk  
  192  9:49  Hydralisk x2, Zergling x2  
  192  9:50  Zergling x6  
  200  9:55  Hive  
  200  10:03  Overlord  
  200  10:05  Overlord  
  197  10:19  Overlord  
  197  10:20  Hydralisk  
  189  10:35  Hydralisk x4, Swarm Host  
  183  10:53  Lurker x8  
  183  10:54  Lurker x2  
  179  11:05  Lurker x2  
  177  11:12  Spore Crawler  
  177  11:13  Extractor  
  177  11:14  Spine Crawler, Drone x3  
  177  11:15  Spine Crawler x2  
  177  11:16  Spine Crawler  
  177  11:17  Overseer  
  177  11:18  Hydralisk x4  
  174  11:20  Roach x2, Zergling x26  
  197  11:25  Evolution Chamber  
  196  11:36  Zerg Missile Weapons Level 3  
  185  11:51  Zerg Melee Weapons Level 1  
  185  11:52  Hydralisk x4  
  190  12:02  Lurker Den  
  190  12:06  Lurker x2  
  190  12:07  Lurker  
  182  12:16  Extractor, Drone x3  
  182  12:18  Queen  
  182  12:19  Greater Spire  
  183  12:26  Hatchery  
  177  12:46  Extractor  
  177  12:49  Drone x6  
  177  12:50  Spine Crawler x2  
  177  12:51  Spine Crawler  
  178  12:52  Spore Crawler  
  178  12:53  Spine Crawler  
  178  12:54  Spore Crawler  
  178  12:56  Spine Crawler, Corruptor x10  
  178  12:57  Spine Crawler  
  193  13:04  Queen  
  193  13:17  Drone x2  
  190  13:23  Spine Crawler, Drone, Spore Crawler x2  
  190  13:25  Spine Crawler  
  186  13:31  Brood Lord x6  
  186  13:34  Hatchery  
  189  13:38  Brood Lord  
  185  13:42  Brood Lord  
  186  13:49  Pneumatized Carapace  
  186  13:56  Brood Lord  
  186  13:59  Spore Crawler  
  186  14:00  Adaptive Talons  
  187  14:03  Zergling x26  
  187  14:07  Corruptor  
  200  14:13  Overseer x2  
  200  14:14  Overseer  
  200  14:25  Spore Crawler  
  200  14:26  Spore Crawler  
  198  14:46  Zerg Ground Armor Level 1, Zerg Melee Weapons Level 2  
  198  15:00  Drone  
  198  15:02  Spore Crawler x3  
  198  15:03  Drone x2, Spore Crawler  
  198  15:04  Spore Crawler  
  190  15:07  Corruptor x4  
  190  15:08  Corruptor x2  
  199  15:15  Spore Crawler  
  198  15:24  Zerg Flyer Weapons Level 1  
  198  15:26  Spire  
  192  15:40  Viper x3  
  199  15:48  Drone  
  199  15:54  Drone x2  
  199  15:55  Spore Crawler  
  199  15:56  Spore Crawler x2  
  186  15:57  Drone x14  
  186  15:58  Spore Crawler  
  186  15:59  Spore Crawler  
  186  16:00  Spore Crawler  
  197  16:17  Spore Crawler  
  197  16:18  Overlord, Spore Crawler  
  195  16:19  Overlord, Spore Crawler  
  194  16:32  Corruptor  
  194  16:33  Corruptor x2  
  195  16:44  Zerg Flyer Armor Level 1  
  192  16:54  Spore Crawler  
  192  16:55  Spore Crawler  
  192  16:56  Spore Crawler  
  181  17:18  Zergling x36  
  181  17:21  Lair  
  194  17:34  Viper x2  
  195  17:47  Hydralisk x5  
  195  18:01  Drone x4  
  196  18:13  Overlord  
  196  18:15  Hatchery  
  195  18:22  Zerg Flyer Weapons Level 2  
  195  18:23  Hive  
  192  18:31  Zerg Ground Armor Level 2  
  192  18:40  Corruptor x4  
  189  19:11  Brood Lord x2  
  181  19:18  Drone x2  
  181  19:19  Drone x2  
  181  19:23  Spore Crawler x3  
  182  19:24  Corruptor x7  
  182  19:25  Spore Crawler  
  182  19:27  Drone  
  196  19:39  Zergling x8  
  198  19:55  Corruptor  
  199  20:07  Hatchery  
  197  20:17  Zergling x10  
  194  20:29  Corruptor x2  
  194  20:30  Corruptor  
  194  20:34  Spore Crawler  
  194  20:35  Spore Crawler  
  198  20:36  Spore Crawler  
  198  20:42  Overlord  
  197  20:49  Overlord x2  
  197  21:00  Zerg Flyer Weapons Level 3, Zerg Flyer Armor Level 2  
  196  21:06  Zergling x4  
  195  21:17  Zergling x2  
  195  21:18  Zergling x6  
  195  21:23  Corruptor x2  
  199  21:27  Hatchery  
  199  21:29  Hatchery  
  197  21:35  Drone x3  
  197  21:38  Zerg Melee Weapons Level 3, Zerg Ground Armor Level 3  
  200  21:46  Overlord x2  
  196  21:50  Corruptor x4  
  194  22:21  Drone x4  
  198  22:24  Drone x2  
  198  22:28  Extractor  
  199  22:31  Extractor  
  188  22:42  Zergling x30  
  193  22:59  Drone x5  
  193  23:00  Drone x2  
  199  23:15  Zergling x2  
  199  23:17  Extractor x2  
  184  23:34  Zergling x28  
  181  23:42  Hydralisk  
  181  23:46  Spawning Pool  
  180  23:50  Hydralisk x4  
  184  24:07  Drone x4  
  184  24:08  Drone x2  
  188  24:13  Corruptor  
  188  24:14  Corruptor  
  192  24:19  Zerg Flyer Armor Level 3  
  192  24:30  Infestation Pit  
  191  24:42  Hatchery x2  
  188  24:48  Hatchery  
  188  24:50  Zergling x24  
  199  24:56  Hatchery  
  195  25:20  Overseer x2  
  195  25:23  Hatchery  
  194  25:51  Ultralisk Cavern  
  194  25:56  Pathogen Glands  
  192  26:11  Hatchery  
  192  26:12  Drone  
  192  26:14  Hatchery, Zergling x14  
  193  26:38  Drone x6  
  197  27:00  Drone x10  
  198  27:13  Extractor x2  
  198  27:15  Extractor  
  194  27:16  Extractor  
  194  27:20  Zergling x8  
  186  27:37  Drone  
  186  27:38  Drone  
  187  27:48  Drone x3  
  187  27:50  Drone x5  
  187  27:51  Drone  
  195  27:55  Zergling x4  
  197  28:08  Corruptor, Viper  
  199  28:15  Hatchery  
  198  28:22  Zergling x2  
  196  28:35  Viper  
  185  28:42  Corruptor x7  
  185  29:02  Corruptor x5  
  177  29:21  Hydralisk x7  
  186  29:37  Brood Lord  
  186  29:38  Brood Lord x3  
  182  29:39  Queen x2  
  182  29:40  Queen x2  
  182  29:42  Zergling x12  
  196  30:04  Drone x3  
  172  30:25  Zergling x18  
  172  30:27  Drone x2  
  183  30:29  Extractor  
  183  30:30  Drone x3, Extractor  
  184  30:41  Drone x5  
  184  30:49  Overseer  
  184  30:55  Drone x2  
  184  30:56  Drone  
  187  30:59  Hatchery  
  187  31:01  Drone  
  187  31:03  Hatchery  
  186  31:07  Zergling x10  
  191  31:27  Hatchery  
  185  31:42  Zergling x24  
  159  31:55  Drone x7  
  164  32:16  Brood Lord x2  
  164  32:17  Brood Lord  
  164  32:18  Brood Lord  
  171  32:23  Drone x7  
  178  32:36  Viper x3  
  185  33:05  Hatchery  
  178  33:20  Drone x3  
  178  33:22  Drone x2  
  173  33:41  Corruptor  
  171  33:58  Drone x3  
Tags
 
Add a new tag
Caveats
  • Supply blocks, unpowered buildings, or Contaminate may cause inaccurate times.
  • Supply counts are checked every 10 seconds.